 Dungeon Sprint DCSS version 0.19-a0-895-gdbd5520 (webtiles) character file.

1627 LORDOFBUTT the Basher (level 8, -13/72 HPs)
             Began as a Demonspawn Gladiator on July 4, 2016.
             Was an Initiate of Gozag.
             Shot with an arrow by a centaur warrior (19 damage)
             ... in the Dungeon (Sprint IX: "|||||||||||||||||||||||||||||").
             The game lasted 00:01:32 (648 turns).

LORDOFBUTT the Basher (Demonspawn Gladiator)         Turns: 648, Time: 00:01:34

Health: -13/72     AC: 20    Str: 19    XL:     8   Next: 65%
Magic:  8/8        EV: 13    Int: 10    God:    Gozag
Gold:   47         SH:  0    Dex: 18    Spells: 0 memorised, 7 levels left

rFire  . . .     SeeInvis .     s - +2 morningstar (protect)
rCold  . . .     Gourm    .     q - +1 chain mail
rNeg   . . .     Faith    .     (no shield)
rPois  .         Spirit   .     c - +0 helmet
rElec  .         Dismiss  .     r - +0 cloak
rCorr  .         Reflect  .     (no gloves)
SustAt .         Harm     .     (no boots)
MR     .....     NoTele   +     (no amulet)
Stlth  ..........               o - +3 ring of dexterity
                                p - +3 ring of strength

@: gold aura, not resistant to hostile enchantments, extremely unstealthy
A: talons 2, rugged brown scales 1, demonic guardian 1, nightstalker 1
a: Potion Petition, Call Merchant, Bribe Branch, Renounce Religion


You were in the Dungeon.
You worshipped Gozag.
Gozag was noncommittal.
You were not hungry.

You visited 1 branch You collected 47 gold pieces.

Inventory:

Hand Weapons
 s - a +2 morningstar of protection (weapon)
Missiles
 d - 3 throwing nets (quivered)
Armour
 b - a +0 leather armour
 c - a +0 helmet (worn)
 q - a +1 chain mail (worn)
 r - a +0 cloak (worn)
Jewellery
 o - a +3 ring of dexterity (right hand)
 p - a +3 ring of strength (left hand)
Wands
 n - a wand of iceblast (7/15)
Scrolls
 k - 2 scrolls of blinking
 l - 3 scrolls of remove curse
 m - 2 scrolls of amnesia
Potions
 e - 5 potions of curing
 g - a potion of heal wounds
 h - a potion of haste
 i - 4 potions of magic
 j - a potion of invisibility


   Skills:
 + Level 8.9 Fighting
 + Level 10.2 Maces & Flails
 + Level 4.2 Throwing
 + Level 7.0 Armour
 + Level 9.9 Dodging
 + Level 2.3 Stealth


You had 7 spell levels left.
You didn't know any spells.

Dungeon Overview and Level Annotations

Branches:
Dungeon (1/1)

Altars:
Cheibriados
Dithmenos
Elyvilon
Fedhas
Gozag
Hepliaklqana
Kikubaaqudgha
Makhleb
Nemelex Xobeh
Okawaru
Pakellas
Qazlal
Ru
Sif Muna
Trog
Uskayaw
Vehumet
Xom
Yredelemnul
Zin
The Shining One
Beogh
Jiyva
Lugonu


Innate Abilities, Weirdness & Mutations

You have razor-sharp toenails.
You are partially covered in rugged brown scales. (AC +1, +3% HP)
A weak demonic guardian rushes to your aid.
You are slightly more attuned to the shadows.


Message History

Your quasit bites the centaur warrior but does no damage.
The centaur warrior is no longer distracted by gold.
The centaur warrior shouts!
Your quasit claws the centaur warrior but does no damage. x2
The efreet is no longer distracted by gold.
The centaur warrior shoots an arrow.
The arrow hits your quasit!!
Your quasit dies!
The centaur warrior shoots an arrow.
The arrow hits you!
* * * LOW HITPOINT WARNING * * *
The centaur warrior shoots an arrow.
The arrow hits you.
* * * LOW HITPOINT WARNING * * *
You swap places.
The centaur warrior shoots an arrow.
The arrow closely misses your white imp.
The arrow hits you!
* * * LOW HITPOINT WARNING * * *
The centaur warrior shoots an arrow.
The arrow closely misses your white imp.
The arrow hits you!!
You die...
Your body crumbles into a pile of gold. $$$$$ $ $ $ $$$$$ $ $ ▓▓▓▓▓▓▓▓▓▓▓▓▓▓▓▓▓▓▓▓▓▓▓▓▓ _'..|))[...').((@(5$cR... ▓▓▓▓▓▓▓▓▓▓▓▓▓▓▓▓▓▓▓▓▓▓▓▓▓

You could see a centaur warrior, an efreet and a friendly white imp.

Vanquished Creatures
  A tengu warrior (D)
  A gargoyle (D)
  2 yaks (D)
  A hungry ghost (D)
  2 centaurs (D)
  A crimson imp (D)
  A quasit (D)
  A hound (D)
  A worker ant (D)
  An adder (D)
  A bat (D)
  2 bat skeletons (D)
  A hobgoblin (D)
  A kobold (D)
  2 giant newts (D)
19 creatures vanquished.

Vanquished Creatures (collateral kills)
  A gnoll sergeant (D)
1 creature vanquished.

Grand Total: 20 creatures vanquished

Notes
Turn   | Place    | Note
-------+----------+-------------------------------------------
     0 | D        | LORDOFBUTT the Demonspawn Gladiator began the quest for the Orb.
     0 | D        | Reached XP level 1. HP: 16/16 MP: 1/1
    19 | D        | Reached skill level 3 in Maces & Flails
   126 | D        | Noticed a centaur
   126 | D        | Noticed a worker ant
   126 | D        | Noticed a centaur
   137 | D        | Gained mutation: You have sharp toenails. [demonic ancestry]
   137 | D        | Reached XP level 2. HP: 22/23 MP: 2/2
   144 | D        | Killed a centaur
   144 | D        | Reached skill level 5 in Maces & Flails
   144 | D        | Reached skill level 1 in Armour
   144 | D        | Reached skill level 5 in Dodging
   144 | D        | Gained mutation: You are partially covered in rugged brown scales. (AC +1, +3% HP) [demonic ancestry]
   144 | D        | Reached XP level 3. HP: 14/30 MP: 3/3
   144 | D        | Reached XP level 4. HP: 18/38 MP: 4/4
   148 | D        | Killed a centaur
   148 | D        | Reached skill level 6 in Maces & Flails
   148 | D        | Gained mutation: A weak demonic guardian rushes to your aid. [demonic ancestry]
   148 | D        | Reached XP level 5. HP: 19/44 MP: 5/5
   353 | D        | Found a glowing silver altar of Zin.
   353 | D        | Found a glowing golden altar of the Shining One.
   353 | D        | Found an ancient bone altar of Kikubaaqudgha.
   353 | D        | Found a basalt altar of Yredelemnul.
   353 | D        | Found a shimmering altar of Xom.
   353 | D        | Found a radiant altar of Vehumet.
   354 | D        | Found an iron altar of Okawaru.
   355 | D        | Found a burning altar of Makhleb.
   356 | D        | Found a deep blue altar of Sif Muna.
   357 | D        | Found a bloodstained altar of Trog.
   358 | D        | Found a sparkling altar of Nemelex Xobeh.
   359 | D        | Found a white marble altar of Elyvilon.
   360 | D        | Found a roughly hewn altar of Beogh.
   361 | D        | Found a viscous altar of Jiyva.
   362 | D        | Found a corrupted altar of Lugonu.
   363 | D        | Found a blossoming altar of Fedhas.
   364 | D        | Found a snail-covered altar of Cheibriados.
   365 | D        | Found a shadowy altar of Dithmenos.
   366 | D        | Found a stormy altar of Qazlal.
   367 | D        | Found an opulent altar of Gozag.
   368 | D        | Found a sacrificial altar of Ru.
   369 | D        | Found an oddly glowing altar of Pakellas.
   370 | D        | Found a hide-covered altar of Uskayaw.
   371 | D        | Found a hazy altar of Hepliaklqana.
   375 | D        | Became a worshipper of Gozag Ym Sagoz the Greedy
   430 | D        | Noticed a yak
   430 | D        | Noticed a hungry ghost
   433 | D        | Reached skill level 5 in Fighting
   438 | D        | Reached skill level 7 in Maces & Flails
   448 | D        | Killed a yak
   448 | D        | Reached skill level 8 in Maces & Flails
   448 | D        | Reached XP level 6. HP: 43/53 MP: 6/6
   479 | D        | Killed a hungry ghost
   479 | D        | Gained mutation: You are slightly more attuned to the shadows. [demonic ancestry]
   479 | D        | Reached XP level 7. HP: 38/60 MP: 7/7
   590 | D        | Noticed a tengu warrior
   590 | D        | Noticed a gargoyle
   590 | D        | Noticed a yak
   590 | D        | Noticed a centaur warrior
   593 | D        | Noticed an efreet
   618 | D        | Killed a tengu warrior
   618 | D        | Reached skill level 9 in Maces & Flails
   618 | D        | Reached skill level 1 in Stealth
   618 | D        | Gained mutation: You have razor-sharp toenails. [demonic ancestry]
   618 | D        | Reached XP level 8. HP: 25/70 MP: 8/8
   626 | D        | HP: 2/70 [gargoyle/stone arrow (22)]
   632 | D        | Killed a gargoyle
   632 | D        | Reached skill level 10 in Maces & Flails
   648 | D        | Shot with an arrow by a centaur warrior

Vault maps used:
D:        linesprint

Skill      XL: |  1  2  3  4  5  6  7  8 |
---------------+-------------------------+-----
Maces & Flails | 3 5 6 8 9 10 | 10.2
Dodging        | 3 5 6 8 9 |  9.9
Throwing       | 2 3 4 |  4.2
Fighting       | 3 4 6 8 |  8.9
Armour         | 1 2 3 4 6 7 |  7.0
Stealth        | 1 2 |  2.3

Action                   |  1- 3 |  4- 6 |  7- 9 || total
-------------------------+-------+-------+-------++-------
Melee: Flail             |    34 |     4 |       ||    38
       Kick              |     3 |    10 |    19 ||    32
       Morningstar       |       |    35 |    48 ||    83
  Use: Potion            |     1 |       |     2 ||     3
 Stab: Distracted        |       |     1 |       ||     1
  Eat: Bread ration      |       |       |     1 ||     1
Armor: Leather armour    |    11 |       |       ||    11
       Chain mail        |       |    18 |    42 ||    60
Dodge: Dodged            |    27 |    24 |    34 ||    85
